 Dungeon Crawl Stone Soup version 0.29.1-1-gd02db6906a (webtiles) character file.

Game seed: 16734921109446187700

274 quakins the Changer (level 6, -2/55 HPs)
             Began as a Troll Transmuter on Oct 17, 2022.
             Slain by Terence
             ... wielding a +0 short sword
              (5 damage)
             ... on level 3 of the Dungeon.
             The game lasted 00:03:34 (1754 turns).

quakins the Changer (Troll Transmuter)              Turns: 1754, Time: 00:03:35

Health: -2/55      AC:  4    Str: 21    XL:     6   Next: 3%
Magic:  6/7        EV:  9    Int:  9    God:
Gold:   56         SH:  0    Dex: 10    Spells: 6/7 levels left

rFire   . . .      SeeInvis .     - Unarmed
rCold   . . .      Faith    .   (no shield)
rNeg    . . .      Spirit   .   a - +0 robe
rPois   .          Reflect  .   (helmet restricted)
rElec   .          Harm     .   (no cloak)
rCorr   +          Rampage  .   (gloves unavailable)
Will    .....                   (boots unavailable)
Stlth   +.........              (no amulet)
HPRegen 0.98/turn               c - ring of resist corrosion
MPRegen 0.10/turn               (no ring)

@: no status effects
A: large, unfitting armour, claws 3, regeneration 1, shaggy fur 1, tough skin 1
a: no special abilities


You were on level 3 of the Dungeon.
You visited 1 branch of the dungeon, and saw 3 of its levels.

You collected 56 gold pieces.

Inventory:

Armour
 a - a +0 robe (worn)
Jewellery
 c - a ring of resist corrosion (left claw)
 f - an amulet of magic regeneration
Scrolls
 d - a scroll of enchant weapon {unknown}
 e - a scroll of immolation {unknown}
 g - a scroll of teleportation {unknown}
 h - 2 scrolls of identify {unknown}
 j - a scroll of amnesia {unknown}
 k - a scroll of silence {unknown}
 l - 4 scrolls of butterflies {unknown}
 m - a scroll of brand weapon {unknown}
Potions
 b - 2 potions of lignification


   Skills:
 - Level 1.0 Fighting
 - Level 1.7 Dodging
 - Level 3.1 Unarmed Combat
 - Level 1.3 Spellcasting
 + Level 4.6 Transmutations


You had 6 spell levels left.
You knew the following spells:

 Your Spells              Type           Power      Damage    Failure   Level
a - Beastly Appendage     Tmut           16%        N/A       5%          1

Your spell library contained the following spells:

 Spells                   Type           Power      Damage    Failure   Level
 Wereblood                Tmut           8%         N/A       9%          2
 Necrotise                Necr           0%         1d4       34%         1
 Spider Form              Tmut/Pois      4%         N/A       38%         3
 Vampiric Draining        Necr           0%         2d6       71%         3
 Ice Form                 Ice/Tmut       4%         N/A       80%         4
 Agony                    Necr           0%         N/A       100%        5


Dungeon Overview and Level Annotations

Branches:
Dungeon (3/15)

Altars:

Annotations:
D:3 Terence


Innate Abilities, Weirdness & Mutations

You are too large for most types of armour.
You have claws for hands.
Your natural rate of healing is unusually fast.
You are covered in fur. (AC +1)
You have tough skin. (AC +1)


Message History

Something hits you but does no damage.
You claw Jessica!
You kill Jessica!
The orc barely misses you.
You hear some strange, mumbled words.
A magic dart appears from out of thin air!
The magic dart hits you!
* * * LOW HITPOINT WARNING * * *
Something hits you but does no damage.
Things that are here:
a +0 club; a +2 robe of willpower; a brown potion Terence the Incautious comes into view.
He is wielding a +0 short sword.
Terence shouts!
Your magical contamination has completely faded away.
You scratch something.
Reactivating autopickup.
You feel a bit more experienced. Terence hits you but does no damage.
You have reached level 6!
You feel stronger.
You closely miss Terence.
The orc hits you from afar with a +0 trident.
* * * LOW HITPOINT WARNING * * *
Terence hits you with a +0 short sword.
* * * LOW HITPOINT WARNING * * *
You closely miss Terence.
The orc hits you from afar with a +0 trident.
* * * LOW HITPOINT WARNING * * *
Terence barely misses you.
You claw Terence!
Terence is heavily wounded.
You scratch Terence but do no damage. You claw Terence, but do no damage.
Terence is heavily wounded.
The orc hits you from afar with a +0 trident.
* * * LOW HITPOINT WARNING * * *
Terence hits you with a +0 short sword.
* * * LOW HITPOINT WARNING * * *
You barely miss Terence.
Terence is heavily wounded.
The orc barely misses you. Terence hits you with a +0 short sword.
You die...

.#########.##########.#.#.......
.........†..............'..@..o.
#.########........###.#.#.o..##.
#.########..#####.# #.#§#....#
........##..# #.###.#.#....#
........##..#####.....#.#....#
........##........#####.#....#
........##'######.## #.######
..######........@..# #.# ###
#.......@#).# #.# #.......##o.#
#.# #.......##).####$#
#.......##.....#.#
#.......##.###.#{# #.......##.#
#.#.## #.......##.# #....+
#.#####.##


You could see Terence and an orc.

Vanquished Creatures
  Sigmund (D:2)
  Jessica (D:3)
  An orc wizard (D:3)
  2 adders (D:2)
  2 dart slugs
  An orc (D:3)
  5 endoplasms
  2 giant cockroaches
  7 hobgoblins
  2 kobolds (D:1)
  A quokka (D:2)
  7 ball pythons
  4 bats
  2 frilled lizards
  8 goblins
  4 rats
50 creatures vanquished.

Notes
Turn   | Place    | Note
-------+----------+-------------------------------------------
     0 | D:1      | quakins the Troll Transmuter began the quest for the Orb.
     0 | D:1      | Reached XP level 1. HP: 18/18 MP: 1/1
    92 | D:1      | Reached skill level 1 in Fighting
   108 | D:1      | Reached XP level 2. HP: 27/27 MP: 3/3
   369 | D:1      | Reached skill level 2 in Transmutations
  1025 | D:2      | Reached XP level 3. HP: 33/33 MP: 4/4
  1107 | D:2      | Noticed Sigmund
  1138 | D:2      | Killed Sigmund
  1139 | D:2      | Reached skill level 4 in Transmutations
  1139 | D:2      | Reached XP level 4. HP: 36/41 MP: 5/5
  1139 | D:2      | Reached XP level 5. HP: 42/48 MP: 6/6
  1698 | D:3      | Noticed Jessica
  1744 | D:3      | Killed Jessica
  1748 | D:3      | Noticed Terence
  1750 | D:3      | Reached XP level 6. HP: 18/55 MP: 5/7
  1753 | D:3      | HP: 2/55 [Terence/+0 short sword (3)]
  1754 | D:3      | Slain by Terence

Illustrated notes

Levels and vault maps discovered:
D:1:      amcnicky_arrival_gap_in_the_tavern_cellar, layout_basic,
          roderic_filled_cross
D:2:      layout_basic, uniq_sigmund
D:3:      layout_basic, mainiacjoe_overflow_tiny_flanked, minmay_cut_off,
          uniq_terence, uniq_jessica

Skill      XL: |  1  2  3 |
---------------+----------+-----
Fighting       | 1 |  1.0
Transmutations | 2 4 |  4.6
Dodging        | |  1.7
Unarmed Combat | |  3.1
Spellcasting   | |  1.3

Action                   |  1- 3 |  4- 6 || total
-------------------------+-------+-------++-------
Melee: Unarmed           |    77 |    69 ||   146
       Punch             |     1 |     1 ||     2
       Kick              |     2 |       ||     2
       Headbutt          |     1 |     1 ||     2
 Cast: Beastly Appendage |     1 |     1 ||     2
  Use: Potion            |       |     1 ||     1
Armor: Robe              |    45 |    33 ||    78
Dodge: Dodged            |    48 |    38 ||    86
